 Dungeon Crawl Stone Soup version 0.24-a0-22-g2a401c0 (webtiles) character file.

Game seed: 17373748652875047714

19 Mgcat the Skirmisher (level 2, -3/33 HPs)
             Began as an Ogre Berserker on Feb 1, 2019.
             Was a Follower of Trog.
             Slain by an adder (5 damage)
             ... on level 2 of the Dungeon.
             The game lasted 00:01:17 (645 turns).

Mgcat the Skirmisher (Ogre Berserker)                Turns: 645, Time: 00:01:18

Health: -3/33      AC:  3    Str: 20    XL:     2   Next: 75%
Magic:  2/2        EV: 10    Int: 13    God:    Trog [*.....]
Gold:   38         SH:  0    Dex:  8    Spells: 1/1 levels left

rFire    . . .     SeeInvis .   a - +0 hand axe
rCold    . . .     Gourm    .   (no shield)
rNeg     . . .     Faith    .   b - +0 animal skin
rPois    .         Spirit   .   (helmet restricted)
rElec    .         Reflect  .   (no cloak)
rCorr    .         Harm     .   (gloves unavailable)
MR       .....                  (boots unavailable)
Stlth    +.........             (no amulet)
HPRegen  0.11/turn              (no ring)
MPRegen  0.08/turn              (no ring)

@: brilliant, lethally poisoned (-3 -> -12)
A: large, unfitting armour, tough skin 1
a: Berserk, Renounce Religion


You were on level 2 of the Dungeon.
You worshipped Trog.
Trog was aware of your devotion.
You were not hungry.

You visited 1 branch of the dungeon, and saw 2 of its levels.

You collected 38 gold pieces.

Inventory:

Hand Weapons
 a - a +0 hand axe (weapon)
Armour
 b - a +0 animal skin (worn)
Scrolls
 d - a scroll of immolation {unknown}
 e - a scroll of fog {unknown}
Comestibles
 c - 4 rations


   Skills:
 + Level 4.4 Fighting
 + Level 3.3 Axes
 + Level 3.0 Dodging


You had one spell level left.
You didn't know any spells.
Your spell library was empty.

Dungeon Overview and Level Annotations

Branches:
Dungeon (2/15)

Altars:


Innate Abilities, Weirdness & Mutations

You are too large for most types of armour.
You have tough skin. (AC +1)


Message History

c - 4 rations (gained 1)
You see here a +0 club.
Some of the chunks of flesh in your inventory have rotted away.
Done exploring.
Health restored: 33 Done exploring.
Done exploring.
Done exploring.
Done exploring.
(D) Dungeon
Where to? (? - help)
What level of the Dungeon? (default 1, ? - help)
There is a stone staircase leading down here.
You climb downwards.
There is a stone staircase leading up here.
All of the chunks of flesh in your inventory have rotted away.
A dart slug comes into view.
The dart slug bites you but does no damage.
You hit the dart slug.
The dart slug is severely wounded.
The dart slug bites you but does no damage.
You slash the dart slug!
You kill the dart slug!
Trog accepts your kill.
No target in view!
No target in view!
An adder comes into view.
The adder hisses angrily.
You see here a dart slug corpse.
Spoiler Alert: The adder is fast and can poison!
The adder barely misses you.
You barely miss the adder. The adder misses you.
The adder bites you but does no damage.
You hit the adder but do no damage. The adder bites you.
You take 4 damage, and have 29/33 hp.
You closely miss the adder. The adder bites you. x2
You take 5 damage, and have 24/33 hp.
Spoiler Alert: The adder is fast and can poison!
You are too injured to fight recklessly!
You are too injured to fight recklessly!
You are too injured to fight recklessly!
You are too injured to fight recklessly!
You are too injured to fight recklessly!
You hit the adder.
The adder is lightly wounded.
The adder bites you.
You are poisoned.
The adder poisons you!
You take 3 damage, and have 21/33 hp.
Spoiler Alert: The adder is fast and can poison!
You hit the adder.
The adder is heavily wounded.
You feel sick. The adder barely misses you.
You take 1 damage, and have 20/33 hp.
You hit the adder but do no damage.
The adder is heavily wounded.
The adder bites you. The adder bites you but does no damage.
You take 3 damage, and have 17/33 hp.
Spoiler Alert: The adder is fast and can poison!
You miss the adder.
The adder is heavily wounded.
You feel sick. The adder closely misses you.
You take 1 damage, and have 16/33 hp.
You closely miss the adder.
The adder is heavily wounded.
The adder bites you.
You are more poisoned.
The adder poisons you! The adder closely misses you.
You take 1 damage, and have 15/33 hp.
Spoiler Alert: The adder is fast and can poison!
You completely miss the adder.
The adder is heavily wounded.
You feel sick. The adder bites you.
You take 2 damage, and have 13/33 hp.
You closely miss the adder.
The adder is heavily wounded.
The adder bites you.
You are lethally poisoned!
The adder poisons you! The adder barely misses you.
You take 2 damage, and have 11/33 hp.
Spoiler Alert: The adder is fast and can poison!
You closely miss the adder.
The adder is heavily wounded.
* * * LOW HITPOINT WARNING * * *
You feel sick. The adder bites you.
* * * LOW HITPOINT WARNING * * *
You take 5 damage, and have 6/33 hp.
Spoiler Alert: The adder is fast and can poison!
You closely miss the adder.
The adder is heavily wounded.
* * * LOW HITPOINT WARNING * * *
You feel sick. The adder bites you but does no damage. The adder bites you.
* * * LOW HITPOINT WARNING * * *
You take 3 damage, and have 3/33 hp.
Spoiler Alert: The adder is fast and can poison!
It was a potion of brilliance.
You feel clever all of a sudden.
* * * LOW HITPOINT WARNING * * *
You feel sick. The adder bites you.
You die...

#######.#
#..@S.?.#
#####
#†#######
#..<######
##.##
#.........
#.##...######
#...######
#...........#
##.##
####.[.####.#
#.# ##.## #.#
#.# #..
#.####.# ###
#......#


You could see an adder.

Vanquished Creatures
  A dart slug (D:2)
  A giant cockroach (D:1)
  2 goblins (D:1)
  2 hobgoblins (D:1)
  4 bats (D:1)
  2 frilled lizards (D:1)
  2 kobolds (D:1)
  4 rats (D:1)
18 creatures vanquished.

Notes
Turn   | Place    | Note
-------+----------+-------------------------------------------
     0 | D:1      | Mgcat the Ogre Berserker began the quest for the Orb.
     0 | D:1      | Reached XP level 1. HP: 24/24 MP: 1/1
   176 | D:1      | Reached XP level 2. HP: 23/32 MP: 2/2
   410 | D:1      | Reached skill level 3 in Dodging
   643 | D:2      | HP: 6/33 [adder (3)]
   645 | D:2      | HP: 2/33 [poisoned by an adder]
   645 | D:2      | Slain by an adder

Vault maps used:
D:1:      lightli_arrival_lavapool, hangedman_decor_peaks_small
D:2:      gammafunk_temple_overflow_pools, uniq_natasha

Skill      XL: |  1  2 |
---------------+-------+-----
Dodging        | 3 |  3.0
Fighting       | |  4.4
Axes           | |  3.3

Action                   || total
-------------------------++-------
Melee: Hand axe          ||    78
  Use: Potion            ||     1
Armor: Animal skin       ||    32
Dodge: Dodged            ||    48

Table legend:
 A = Non-vault XP
 B = Vault XP
 C = Vault XP percentage of total XP
 D = Non-vault monster count
 E = Vault monster count
 F = Vault count percentage of total count
                 A         B        C        D         E       F
            +---------+---------+-------+---------+---------+-------
      Total |      28 |       0 |   0.0 |      18 |       0 |   0.0
            +---------+---------+-------+---------+---------+-------
        D:1 |      24 |       0 |   0.0 |      17 |       0 |   0.0
        D:2 |       4 |       0 |   0.0 |       1 |       0 |   0.0
            +---------+---------+-------+---------+---------+-------

Vault maps used:
D:1:      lightli_arrival_lavapool, hangedman_decor_peaks_small
D:2:      gammafunk_temple_overflow_pools, uniq_natasha

Table legend:
 A = Turns spent in this place as a percentage of turns spent in the entire game.
 B = Non-inter-level travel turns spent in this place as a percentage of non-inter-level travel turns spent in the entire game.
 C = Inter-level travel turns spent in this place as a percentage of turns spent in this place.
 D = Turns resting spent in this place as a percentage of non-inter-level travel turns spent in this place.
 E = Turns spent auto-exploring this place as a percentage of non-inter-level travel turns spent in this place.
 F = Non-inter-level travel turns spent in this place divided by the number of levels of this place that you've seen.
                   A       B       C       D       E      F
               +-------+-------+-------+-------+-------+----------------------
         Total | 100.0 | 100.0 |   4.0 |   0.0 |  74.8 | 309.5
       Dungeon | 100.0 | 100.0 |   4.0 |   0.0 |  74.8 | 309.5
               +-------+-------+-------+-------+-------+----------------------

Table legend:
 A = Kills in this place as a percentage of kills in entire the game.
 B = Kills by you in this place as a percentage of kills by you in the entire game.
 C = Kills by friends in this place as a percentage of kills by friends in the entire game.
 D = Other kills in this place as a percentage of other kills in the entire game.
 E = Experience gained in this place as a percentage of experience gained in the entire game.
 F = Experience gained in this place divided by the number of levels of this place that you have seen.
                   A       B       C       D       E      F
               +-------+-------+-------+-------+-------+----------------------
         Total | 100.0 | 100.0 |   N/A |   N/A | 100.0 |  14.0
       Dungeon | 100.0 | 100.0 |   N/A |   N/A | 100.0 |  14.0
               +-------+-------+-------+-------+-------+----------------------
